Cogmind - Beta 11 X7 @@@ ROGUE MODE // 2021.09.03 @ 17:45:23 Player: aoemica Result: Self-destructed Performance ------------- Evolutions (1) 500 Regions Visited (2) 400 Robots Destroyed (4) 20 Value Destroyed (40) 40 Prototype IDs (0) 0 Alien Tech Used (0) 0 Bonus (200) 200 TOTAL SCORE: 1160 Bonus ------- Pacifist 200 Cogmind --------- Core Integrity 324/400 Matter 274/300 Energy 99/100 System Corruption 0% Temperature Cool (0) Movement Core (50) Location -9/Materials Parts ------- > --- POWER (1) -------- (None) > --- PROPULSION (4) --- Light Treads Light Treads Armored Treads Armored Treads > --- UTILITY (2) ------ (None) > --- WEAPON (2) ------- Light Assault Rifle Light Assault Rifle > --- INVENTORY (5) ---- Ion Engine Armored Treads Armored Treads Grenade Launcher Grenade Launcher Peak State ------------ > --- POWER ------------ (None) > --- PROPULSION ------- Light Treads Light Treads Armored Treads Armored Treads > --- UTILITY ---------- (None) > --- WEAPON ----------- Light Assault Rifle Light Assault Rifle > --- INVENTORY -------- Ion Engine [Rating: 10] Favorites ----------- Power None Propulsion Light Treads Treads Light Treads Utility None Weapon Light Assault Rifle Ballistic Gun Light Assault Rifle Launcher Grenade Launcher Build | -11 -10 -9 ------- Run | Scr Mat Mat Slots Evolved 2 | . . 2 Power . | . . . Propulsion 2 | . . 2 Utility . | . . . Weapon . | . . . Parts Attached 9 | 4 . 5 Power . | . . . Engine . | . . . Core . | . . . Reactor . | . . . Propulsion 4 | 2 . 2 Treads 4 | 2 . 2 Leg . | . . . Wheel . | . . . Hover . | . . . Flight . | . . . Utility . | . . . Device . | . . . Storage . | . . . Processor . | . . . Hackware . | . . . Protection . | . . . Artifact . | . . . Weapon 5 | 2 . 3 Energy Gun . | . . . Energy Cannon . | . . . Ballistic Gun 4 | 2 . 2 Ballistic Cannon . | . . . Launcher 1 | . . 1 Special Weapon . | . . . Impact Weapon . | . . . Slashing Weapon . | . . . Piercing Weapon . | . . . Special Melee Weapon . | . . . Unidentified Prototypes . | . . . Parts Lost . | . . . Power . | . . . Propulsion . | . . . Utility . | . . . Weapon . | . . . Highest Loss Streak . | . . . Average Slot Usage (%) 62 | . 57 64 Treads 38 | . 28 42 Ballistic Gun 23 | . 28 21 Naked Turns . | . . . Heaviest Build 2 | 2 2 2 Greatest Support 20 | 20 3 20 Greatest Overweight (x) . | . . . Average Overweight (x) . | . . . Largest Inventory Capacity 5 | 5 5 5 Average Capacity 5 | 5 5 5 Most Carried 5 | 4 1 5 Average Carried 3 | 1 1 4 Final Capacity 5 | 5 5 5 Final Carried 5 | 1 1 5 Class Distribution -------------------- 100% | Mutant Dominant Class ---------------- Mutant | -10/Materials Mutant | -9/Materials Resources | -11 -10 -9 ----------- Run | Scr Mat Mat Matter Collected 280 | 200 . 80 Remotely . | . . . Salvage Created 31 | . . 31 Parts 7 | . . 7 Haulers Intercepted . | . . . Recyclers Shooed . | . . . Parts Field Recycled . | . . . Retrieved Matter . | . . . Parts Self-Destructed . | . . . Prevented . | . . . Kills | -11 -10 -9 ------- Run | Scr Mat Mat Combat Hostiles Destroyed 4 | . . 4 AOE 4 | . . 4 Classes Destroyed 1 | . . 1 Swarmer 4 | . . 4 Best Kill Streak 4 | . . 4 Combat Bots Only 4 | . . 4 Max Kills in Single Turn 3 | . . 3 Gunslinging . | . . . Exploded 3 | . . 3 Melee . | . . . Uniques/NPCs Destroyed . | . . . Combat | -11 -10 -9 -------- Run | Scr Mat Mat Damage Taken 456 | . 40 416 Core 76 | . . 76 Absorbed by Shields . | . . . Core Remaining (%) 100 | 100 100 . Volleys Fired 2 | . . 2 Largest 1 | . . 1 Hottest 30 | . . 30 Shots Fired 2 | . . 2 Gun . | . . . Cannon . | . . . Launcher 2 | . . 2 Special . | . . . Kinetic . | . . . Thermal . | . . . Explosive 2 | . . 2 Electromagnetic . | . . . Robot Hit Streak 1 | . . 1 Robot Miss Streak 1 | . . 1 Penetration Max . | . . . Secondary Targets . | . . . Shots Hit Robots 1 | . . 1 Core Hits 5 | . . 5 Critical Kills . | . . . Critical Parts Destroyed . | . . . Critical Strikes . | . . . Melee Attacks . | . . . Impact . | . . . Slashing . | . . . Piercing . | . . . Sneak Attacks . | . . . Combat Hostiles . | . . . Follow-up Attacks . | . . . Damage Inflicted 122 | . . 122 Guns . | . . . Cannons . | . . . Explosions 119 | . . 119 Melee . | . . . Ramming 3 | . . 3 Kinetic . | . . . Thermal . | . . . Explosive 119 | . . 119 Electromagnetic . | . . . Impact . | . . . Slashing . | . . . Piercing . | . . . Highest Corruption . | . . . Average Corruption . | . . . Corruption Purged . | . . . Overload Shots . | . . . Overflow Damage . | . . . Projectiles . | . . . Explosions . | . . . Melee . | . . . Knockbacks . | . . . Impact . | . . . Kinetic . | . . . Secondary . | . . . Self-Inflicted Damage . | . . . Shots . | . . . Rammed 2 | . . 2 Targets Rammed 2 | . . 2 Kicked . | . . . Crushed . | . . . Highest Temperature . | . . . Average Temperature . | . . . Received Heat Transfer 195 | . 24 171 Siege Activations . | . . . Robots Corrupted . | . . . Combat Hostiles . | . . . Parts Fried . | . . . Impact Corruptions . | . . . Robots Melted . | . . . Combat Hostiles . | . . . Parts Melted . | . . . Heat Transferred . | . . . Parts Sabotaged . | . . . Parts Stolen . | . . . Parts Stripped . | . . . Power Chain Reactions . | . . . Missiles Intercepted . | . . . Alert | -11 -10 -9 ------- Run | Scr Mat Mat Peak Influence 132 | . 30 132 Initial 12 | . . 12 Average 53 | . 23 68 Maximum Alert Level . | . . . Low Security (%) 100 | 100 100 100 Level 1 . | . . . Level 2 . | . . . Level 3 . | . . . Level 4 . | . . . Level 5 . | . . . High Security . | . . . Max Security . | . . . Squads Dispatched 1 | . 1 . Investigation 1 | . 1 . Extermination . | . . . Reinforcement . | . . . Assault . | . . . Garrison . | . . . Intercept . | . . . Construction Impeded . | . . . Haulers Reinforced . | . . . Active Scanning Responses . | . . . Cargo Convoy Interrupts . | . . . Stealth | -11 -10 -9 --------- Run | Scr Mat Mat Distress Signals . | . . . Communications Jammed . | . . . Distress Signals . | . . . Times Spotted 9 | . 2 7 Peak Tracking Total 7 | . 2 7 Tactical Retreats . | . . . Traps | -11 -10 -9 ------- Run | Scr Mat Mat Traps Triggered . | . . . Indirectly . | . . . Trap Hack Attempts . | . . . Triggered . | . . . Disarmed . | . . . Reprogrammed . | . . . Reused . | . . . Traps Extracted . | . . . Installed . | . . . Triggered . | . . . Machines | -11 -10 -9 ---------- Run | Scr Mat Mat Machines Disabled . | . . . Max in Single Turn . | . . . Machines Sabotaged . | . . . Garrisons Compromised . | . . . Overloaded Fab Kills . | . . . Fab Network Shutdowns . | . . . Hacking | -11 -10 -9 --------- Run | Scr Mat Mat Machines Accessed 1 | . 1 . Terminals . | . . . Fabricators . | . . . Repair Stations . | . . . Recycling Units 1 | . 1 . Scanalyzers . | . . . Garrison Access . | . . . Total Hacks 2 | . 2 . Successful 1 | . 1 . Failed 1 | . 1 . Catastrophic . | . . . Database Lockouts . | . . . Manual 2 | . 2 . Terminals . | . . . Fabricators . | . . . Repair Stations . | . . . Recycling Units 2 | . 2 . Scanalyzers . | . . . Garrison Access . | . . . Terminal Hacks . | . . . Fabricator Hacks . | . . . Repair Station Hacks . | . . . Recycling Unit Hacks . | . . . Scanalyzer . | . . . Garrison Access Hacks . | . . . Unauthorized Hacks 1 | . 1 . Terminals . | . . . Fabricators . | . . . Repair Stations . | . . . Recycling Units 1 | . 1 . Tunnel 1 | . 1 . Scanalyzers . | . . . Garrison Access . | . . . Data Cores Recovered . | . . . Used . | . . . Hacking Detections . | . . . Full Trace Events . | . . . Feedback Events . | . . . Feedback Blocked . | . . . Robot Schematics Acquired . | . . . Robots Built . | . . . Matter . | . . . Time . | . . . Total Robot Build Rating . | . . . Part Schematics Acquired . | . . . Parts Built . | . . . Matter . | . . . Time . | . . . Total Part Build Rating . | . . . Parts Repaired . | . . . Time . | . . . Parts Recycled . | . . . Recycled Matter . | . . . Retrieved Matter . | . . . Retrieved Components . | . . . Parts Scanalyzed . | . . . Part Schematics Acquired . | . . . Parts Damaged . | . . . Bothacking | -11 -10 -9 ------------ Run | Scr Mat Mat Used RIF Installer . | . . . Robots Hacked . | . . . Non-combat . | . . . Combat . | . . . Robot Hacks Applied . | . . . Relay Couplers Released . | . . . Robots Rewired . | . . . Allies Hacked . | . . . Hacks Repelled . | . . . Allies | -11 -10 -9 -------- Run | Scr Mat Mat Total Allies . | . . . Largest Group . | . . . Highest-Rated Group . | . . . Highest-Rated Ally . | . . . Total Orders . | . . . Ally Attacks . | . . . Total Damage . | . . . Kills . | . . . Allies Corrupted . | . . . Allies Melted . | . . . Intel | -11 -10 -9 ------- Run | Scr Mat Mat Robot Analysis Total . | . . . Derelict Logs Recovered . | . . . Drone Launches . | . . . Drone Recoveries . | . . . Exploration | -11 -10 -9 ------------- Run | Scr Mat Mat Turns Passed 207 | 11 51 145 Spaces Moved 347 | 6 102 239 Core 343 | 5 102 236 Treads 4 | 1 . 3 Legs . | . . . Wheels . | . . . Hover . | . . . Flight . | . . . Fastest Speed 50 | 50 50 50 Average Speed 51 | 68 50 51 Slowest Speed 170 | 160 50 170 Overloaded Moves . | . . . Propulsion Burnouts . | . . . Robots Hopped . | . . . Cave-ins Triggered . | . . . Exploration Rate (%) 16 | 3 22 24 Regions Visited 2 Branch Regions . Pre-discovered Areas 1 | . 1 . Known Exits Taken . | . . . Unknown Exits Taken 2 | 1 1 . Scrap Searched . | . . . Spaces Dug . | . . . Terrain Destroyed 12 | . . 12 Melee . | . . . Projectile . | . . . AOE 12 | . . 12 Terrain Rammed . | . . . Walls Destroyed . | . . . Machines Disabled . | . . . Actions | -11 -10 -9 --------- Run | Scr Mat Mat Total 370 | 12 101 257 Wait . | . . . Move 345 | 5 101 239 Hop . | . . . Pick Up 6 | . . 6 Fast Attach 5 | 3 . 2 Attach 1 | 1 . . Detach . | . . . Swap 3 | . . 3 Drop 6 | 3 . 3 Fire 2 | . . 2 Melee . | . . . Ram . | . . . Kick . | . . . Crush 2 | . . 2 Escape Stasis . | . . . Rewire . | . . . Trap . | . . . Miscellaneous . | . . . Route ------- -11/Scrapyard -10/Materials -9/Materials History --------- Turn | Location | Event 1 | -11/Scrapyard | Released all parts (6) 4 | -11/Scrapyard | Discovered new exit (range 1) 12 | -11/Scrapyard | Entered Materials 61 | -10/Materials | Discovered new exit (range 5) 63 | -10/Materials | Entered another Materials area 63 | -9/Materials | Evolved 2 slots: Propulsion x2 208 | -9/Materials | Self-destructed Last Messages --------------- 00113_ Acquired Grenade Launcher. 00129_ Slammed into U-05 Engineer. 00132_ Slammed into A-02 Transporter. 00147_ T-07 Excavator is excavating. 00150_ S-10 Pest destroyed. 00154_ Critical hit (Burn: +37). 00155_ K-01 Serf collects debris. 00156_ U-05 Engineer lays Concrete. 00159_ Dropped Lgt. Assault Rifle. 00159_ U-05 Engineer lays Concrete. 00164_ T-07 Excavator is excavating. 00173_ K-01 Serf collects debris. 00174_ Acquired 74 matter. 00176_ K-01 Serf collects debris. 00180_ Acquired 6 matter. 00180_ U-05 Engineer lays Concrete. 00181_ Critical hit (Burn: +37). 00181_ U-05 Engineer lays Concrete. 00183_ U-05 Engineer builds a Wall. 00195_ U-05 Engineer lays Concrete. Map ----- +----------------------------------------------------+ | " #????########??????# #????????? | | " #????#!! [[#??????# #????????? | | #????#!! [[#??????# #????????? | | #????# #??????# #????????? | | #????### ##?????# #????????? | | ########## ###+### ######???? | | = #???? | | #???? | | #???? | | ########## ###+###########???? | | ?????????## ## #??????????? | | ???######## ##==] #??????????? | | ???# # ## ] #??????????? | | ???# + ##= #########??? | | ???# "" # ## = + #??? | | ???# """ # / ####### #??? | | ???# S" # #########???### ###? | | ???# # #????######## #? | | ???######## #????# # #? | | ??????????# #????# # #? | | ??????????# #????# # #? | | ??????????# #????# # #? | | ??????????# #????? ### ###? | | ??????????# #?????? ??# #??? | | ?????????? ?????###/###?# #??? | | ?????????? ?????# @#?# #??? | | ?????????? ?##### #?# #??? | | ????????? ?# #?# #??? | | ?????????# ?# ### #?# #??? | | ?????????######?# #?# #?# #??? | | ?????????####???# #?#######?# #??? | | ?????????# ??# ########??# #??? | | ########## ?## # #??# #??? | | # # # #### #??? | | # # # + #??? | | # + + # #??? | | !! ####### # # #??? | | !! ## # # + #??? | | ! ## # ######## ####??? | | ## # ######## #?????? | | ## # #?????? | | #####+##### # #?????? | | ??# # # ##??### | | ??# # !# #? # | | ??# ### # #? # | | ?# ?# [ # ######### # # | | ?###?# ## #???????# # # | | ?????# = #???????# + # | | ?????# * * % #???????# # # | | ?????# [ # "T"??## # # | +----------------------------------------------------+ Best States ------------- Heat Dissipation 28 Energy Generation 5 Energy Capacity 100 Matter Stores 274 Matter Capacity 300 Sight Range 16 Terrain Scan Density 10 Evasion (%) 50 Recoil Reduction 1 Item Schematics ----------------- None Robot Schematics ------------------ None Fabricated ------------ Nothing Alien Tech Used ----------------- None Achievements -------------- None Challenges ------------ None Game ------ Seed DeepMakeshiftNegator Manual? 0 Play Time 00:03:41 Cumulative 469.1 hours Start 2021.09.03 @ 17:43:11 End 2021.09.03 @ 17:45:23 Sessions 1 Manual Loads 0 Difficulty Rogue Special Mode None Game No. 170 Rogue 169 Adventurer 1 Explorer 0 Win Type - Total 36 Types 9/5/6/1/1/0/13/1/0 Lore% 94 Gallery% 95 Achievement% 82 Wizard Run 0 Options --------- ASCII 1 Keyboard 1 Movement Numpad Keybinds 0 Fullscreen 0 Font 18/Smallcaps Map View 76x50 Tactical HUD 1 Map Filters NONE Filters NONE Steam 1 RUN: e3057af9-253d-41ac-83c3-fd5eccbbe388